 Dungeon Crawl Stone Soup version 0.17-a0-1164-g0ba867e (webtiles) character file.

1619 Sixotanaka the Basher (level 8, 0/117 HPs)
             Began as an Ogre Berserker on May 27, 2015.
             Was an Elder of Trog.
             Slain by an orc
             ... wielding a +0 flail
              (3 damage)
             ... on level 6 of the Dungeon on May 28, 2015.
             The game lasted 00:11:41 (7302 turns).

Sixotanaka the Basher (Ogre Berserker)              Turns: 7302, Time: 00:11:42

Health: 0/117      AC:  5    Str: 28    XL:     8   Next: 96%
Magic:  0/8        EV: 10    Int:  6    God:    Trog [****..]
Gold:   213        SH:  0    Dex: 11    Spells: 0 memorised, 7 levels left

rFire  + . .     SeeInvis .     a - +1 flail (crush)
rCold  + . .     Clarity  .     f - +1 robe {rC+ rF+}
rNeg   . . .     SustAt   +     (no shield)
rPois  .         Gourm    .     (helmet restricted)
rElec  .         Spirit   +     y - +0 cloak
rCorr  .         Warding  .     (gloves unavailable)
rMut   .         Stasis   .     (boots unavailable)
MR     ++...                    x - amulet of guardian spirit
Stlth  ..........               (no ring)
                                t - ring of sustain attributes

@: berserking, lethally poisoned (0 -> 0), marked, regenerating, very quick,
very resistant to hostile enchantments, extremely unstealthy
A: unfitting armour, tough skin 1
a: Burn Spellbooks, Berserk, Trog's Hand, Brothers in Arms, Renounce Religion


You were on level 6 of the Dungeon.
You worshipped Trog.
Trog was greatly pleased with you.
You were not hungry.

You visited 1 branch of the dungeon, and saw 6 of its levels.

You collected 213 gold pieces.


Innate Abilities, Weirdness & Mutations

You are too large for most types of armour.
You have tough skin (AC +1).


   Skills:
 - Level 4.0 Fighting
 + Level 14.1 Maces & Flails
 - Level 2.6 Dodging


You had 7 spell levels left.
You didn't know any spells.

Dungeon Overview and Level Annotations

Branches:
Dungeon (6/15)
 Temple: D:4-7

Altars:
Trog

Shops:
D:5 *

Annotations:
D:2 Sigmund
D:6 Blork the orc

Inventory:

Hand weapons
 a - a +1 flail of crushing (weapon)
   (You found it on level 4 of the Dungeon)
 j - a +0 giant spiked club
 w - a +0 giant club
Armour
 f - a +1 robe of resistance (worn)
   (You found it on level 1 of the Dungeon)
 y - a +0 cloak (worn)
Jewellery
 t - a ring of sustain attributes (left hand)
 x - an amulet of guardian spirit (around neck)
 z - an uncursed amulet of resist corrosion
Scrolls
 d - 3 scrolls of magic mapping {unknown}
 e - a scroll of fog {unknown}
 h - 6 scrolls of identify {unknown}
 m - a scroll of remove curse {unknown}
 p - a scroll of enchant armour {unknown}
 q - a scroll of noise {unknown}
 r - a scroll of teleportation {unknown}
 s - a scroll of random uselessness {unknown}
 u - 2 scrolls of amnesia {unknown}
 v - 2 scrolls of blinking {unknown}
Potions
 g - 2 potions of heal wounds {unknown}
 k - 2 potions of resistance {unknown}
 l - 2 potions of curing {@q1}
 n - a potion of flight {unknown}
 o - 2 potions of agility {unknown}
 A - a potion of berserk rage {unknown}
Comestibles
 b - 2 slices of pizza
 c - 2 bread rations
 i - a meat ration
 B - 5 fruits
 C - a royal jelly

..# ####...#.# #.# #........#
.... ###.####.##.#.... ......
+........##<#.### ......
#...###..##.#.##. .....#####
#...###..##.#.##. #.......#
#g..........#.##.
#......l#####oo.#########....
#.....S{KZha@oY.5............
#####......g##########o#########.
............# # #. ........o...#
#. ............# #. .......l....#
#. ............# #. ....(########
#. .....# #.


You could see an orc warrior, an ice beast, a hound, a worker ant, a crimson
imp, an adder, 3 orcs, a hobgoblin, a goblin, a kobold, a giant newt and an
adder skeleton.


Message History

You hit the giant gecko.
You kill the giant gecko!
Trog accepts your kill.
You feel sick. The worker ant barely misses you.
You feel sick.
Blork the orc casts a spell.
Blork the orc seems to speed up.
All of the chunks of flesh in your inventory have rotted away.
You see here a giant gecko corpse.
You sock the shadow imp!
You kill the shadow imp!
Trog accepts your kill.
Blork the orc mumbles some strange words.
You feel a wave of unholy energy pass over you.
The worker ant closely misses you.
An orc comes into view. It is wielding a club.
You thump the wyvern!
You feel sick. The wyvern bites you.
Blork the orc casts a spell.
Blork the orc flickers and vanishes!
Deactivating autopickup; reactivate with Ctrl-A.
The worker ant bites you.
You hit the wyvern but do no damage.
You feel sick. The wyvern closely misses you.
The worker ant waves its antennae.
The worker ant closely misses you.
A goblin comes into view.
You hit the wyvern. The wyvern bites you!
An ice beast comes into view.
Your skin crawls.
You feel resistant to hostile enchantments.
You feel slightly more hungry.
You feel sick. The wyvern bites you! The worker ant bites you.
The wyvern barely misses you.
The hound stops to sniff the ground.
The orc hits you but does no damage. The worker ant barely misses you.
Drink which item? (? for menu, Esc to quit)
You feel better. The wyvern bites you. The worker ant bites you!
* * * LOW HITPOINT WARNING * * *
You are poisoned.
The worker ant poisons you! The orc closely misses you.
An adder and an orc come into view.
You hit the wyvern.
You feel sick. The wyvern misses you.
The adder moves out of view.
The worker ant bites you.
* * * LOW HITPOINT WARNING * * *
The wyvern bites you!
* * * LOW HITPOINT WARNING * * *
You hit the wyvern but do no damage. The orc barely misses you.
The worker ant bites you!
* * * LOW HITPOINT WARNING * * *
The wyvern closely misses you.
A crimson imp comes into view.
You closely miss the wyvern. The wyvern bites you!
* * * LOW HITPOINT WARNING * * *
Unknown command.
A red film seems to cover your vision as you go berserk!
You feel yourself moving faster!
You feel mighty!
You feel somewhat more hungry.
You feel sick.
The worker ant bites you but does no damage.
The orc hits you with a flail.
* * * LOW HITPOINT WARNING * * *
The wyvern misses you.
The crimson imp summons a swarm of flies.
The worker ant bites you but does no damage.
An orc warrior comes into view. It is wielding a long sword.
You bludgeon the wyvern!!
You feel the power of Trog in you as your rage grows.
You kill the wyvern!
Trog accepts your kill.
Your Maces & Flails skill increases to level 14!
The orc hits you with a flail.
You die...

Action                   |  1- 3 |  4- 6 |  7- 9 || total
-------------------------+-------+-------+-------++-------
Melee: Mace              |   129 |   126 |       ||   255
       Flail             |       |    43 |   163 ||   206
Invok: Berserk           |     2 |     5 |     4 ||    11
       Trog's Hand       |     1 |       |     1 ||     2
       Burn Spellbooks   |       |       |     1 ||     1
  Use: Potion            |     1 |       |     1 ||     2
 Stab: Sleeping          |     1 |     1 |     1 ||     3
       Distracted        |       |       |     1 ||     1
  Eat: Chunk             |     5 |    10 |    11 ||    26
       Beef jerky        |       |     1 |     1 ||     2
       Bread ration      |       |       |     1 ||     1

Vault maps used:
D:1:      ncdulo_smallfort
D:2:      uniq_sigmund, uniq_robin
D:3:      first_bread, bloody_trog, uniq_natasha
D:4:      serial_bayou, serial_bayou_ford_a, serial_bayou_pond_c,
          serial_bayou_pond_d, serial_bayou_pond_a, kennysheep_generic_room_15
D:5:      serial_shops, kennysheep_mini
D:6:      minmay_opposing_rooms, uniq_blork_the_orc

Notes
Turn   | Place    | Note
--------------------------------------------------------------
     0 | D:1      | Sixotanaka the Ogre Berserker began the quest for the Orb.
     0 | D:1      | Reached XP level 1. HP: 24/24 MP: 1/1
   679 | D:2      | Reached XP level 2. HP: 22/32 MP: 2/2
   831 | D:2      | Reached skill level 5 in Maces & Flails
   842 | D:2      | Noticed Robin
  1073 | D:1      | Reached XP level 3. HP: 39/39 MP: 3/3
  1211 | D:2      | Acquired Trog's second power
  1264 | D:2      | Killed Robin
  1345 | D:2      | Reached skill level 6 in Maces & Flails
  1575 | D:2      | Noticed Sigmund
  1648 | D:2      | Reached XP level 4. HP: 36/48 MP: 4/4
  2057 | D:3      | Reached skill level 7 in Maces & Flails
  2094 | D:3      | Reached XP level 5. HP: 22/54 MP: 5/5
  2377 | D:3      | Found a bloodstained altar of Trog.
  2730 | D:3      | Noticed Natasha
  2745 | D:3      | Killed Natasha
  2848 | D:3      | Reached skill level 8 in Maces & Flails
  2859 | D:3      | Noticed Natasha
  2864 | D:3      | Killed Natasha
  2936 | D:3      | Upgraded the game from 0.17-a0-1149-ga0dc056 to 0.17-a0-1164-g0ba867e
  2953 | D:3      | Noticed Natasha
  2958 | D:3      | Killed Natasha
  3280 | D:4      | Noticed an ogre
  3547 | D:4      | Noticed a centaur
  3567 | D:4      | HP: 9/54 [centaur (6)]
  3570 | D:4      | Killed a centaur
  3570 | D:4      | Reached skill level 9 in Maces & Flails
  3570 | D:4      | Reached XP level 6. HP: 13/62 MP: 6/6
  3573 | D:4      | HP: 11/93 [scorpion (2)]
  3578 | D:4      | HP: 6/62 [poisoned by a scorpion]
  3583 | D:4      | HP: 4/62 [poisoned by a scorpion]
  3588 | D:4      | HP: 3/62 [poisoned by a scorpion]
  3593 | D:4      | HP: 3/62 [poisoned by a scorpion]
  4073 | D:4      | Killed an ogre
  4073 | D:4      | Reached skill level 10 in Maces & Flails
  4073 | D:4      | Reached XP level 7. HP: 33/70 MP: 7/7
  4491 | D:4      | Reached skill level 11 in Maces & Flails
  5482 | D:5      | Entered Level 5 of the Dungeon
  5683 | D:5      | Reached XP level 8. HP: 63/78 MP: 8/8
  5700 | D:5      | Reached skill level 12 in Maces & Flails
  6151 | D:5      | Found Hyvvit's Assorted Antiques.
  6338 | D:5      | Acquired Trog's third power
  6723 | D:6      | Reached skill level 13 in Maces & Flails
  6727 | D:6      | Noticed Blork the orc
  7299 | D:6      | HP: 18/78 [worker ant (7)]
  7300 | D:6      | HP: 4/78 [wyvern (14)]
  7302 | D:6      | Reached skill level 14 in Maces & Flails
  7302 | D:6      | Slain by an orc

Vanquished Creatures
  A wyvern (D:6)
  A water moccasin (D:6)
  3 ogres
  2 centaurs
  A phantom (D:4)
  A giant frog (D:6)
  2 jellies (D:5)
  2 scorpions
  2 crimson imps
  A gnoll shaman (D:4)
  A hound (D:4)
  4 orc wizards
  Natasha (thrice) (D:3)
  3 worker ants
  Robin (D:2)
  3 gnolls (D:4)
  10 adders
  2 shadow imps
  2 oozes
  A worm (D:3)
  4 giant geckos
  14 orcs
  A ball python (D:4)
  A bat zombie (D:5)
  10 hobgoblins
  6 jackals
  11 kobolds
  4 quokkas
  9 bats
  2 giant cockroaches (D:2)
  9 giant newts
  17 goblins
  8 rats
142 creatures vanquished.
